 Dungeon Crawl Stone Soup version 0.27.0-1-g7a089689b8 (webtiles) character file.

Game seed: 3992010754169957641

1236 ABBCCCDDDD the Cleaver (level 8, -1/74 HPs)
             Began as a Minotaur Berserker on Aug 8, 2021.
             Was an Elder of Trog.
             Slain by a killer bee (3 damage)
             ... on level 4 of the Dungeon.
             The game lasted 00:04:34 (4176 turns).

ABBCCCDDDD the Cleaver (Minotaur Berserker)         Turns: 4176, Time: 00:04:35

Health: -1/74      AC:  6    Str: 25    XL:     8   Next: 24%
Magic:  7/7        EV: 10    Int: 10    God:    Trog [****..]
Gold:   133        SH:  0    Dex:  9    Spells: 7/7 levels left

rFire    . . .     SeeInvis .   a - +0 hand axe
rCold    + . .     Faith    .   (no shield)
rNeg     . . .     Spirit   .   k - +0 scale mail
rPois    .         Reflect  .   (helmet restricted)
rElec    .         Harm     .   (no cloak)
rCorr    .         Rampage  .   (no gloves)
Will     .....                  (no boots)
Stlth    ..........             (no amulet)
HPRegen  0.22/turn              h - +6 ring of intelligence
MPRegen  0.10/turn              (no ring)

@: lethally poisoned (-1 -> -16), on berserk cooldown, slowed, very slow
A: horns 2, retaliatory headbutt, hooves 1, cold resistance 1, screaming 1
a: Renounce Religion, Berserk, Trog's Hand, Brothers in Arms


You were on level 4 of the Dungeon.
You worshipped Trog.
Trog was greatly pleased with you.
You visited 1 branch of the dungeon, and saw 4 of its levels.
You also visited: Ossuary.

You collected 133 gold pieces.

Inventory:

Hand Weapons
 a - a +0 hand axe (weapon)
Armour
 b - a +0 animal skin
 k - a +0 scale mail (worn)
Jewellery
 h - a +6 ring of intelligence (left hand)
 r - an amulet of the acrobat
Wands
 q - a wand of polymorph (7)
Scrolls
 c - a scroll of brand weapon {unknown}
 e - 3 scrolls of identify {unknown}
 f - 3 scrolls of vulnerability
 g - 2 scrolls of fog {unknown}
 n - a scroll of blinking {unknown}
 o - a scroll of noise {unknown}
 p - 2 scrolls of teleportation {unknown}
 t - 2 scrolls of holy word {unknown}
 x - a scroll of torment {unknown}
 y - a scroll of acquirement {unknown}
Potions
 d - 2 potions of mutation
 i - a potion of ambrosia {unknown}
 j - 2 potions of flight {unknown}
 l - 2 potions of heal wounds {unknown}
 m - 2 potions of curing {unknown}
 s - a potion of brilliance {unknown}
 u - a potion of degeneration {unknown}
 v - a potion of attraction {unknown}
 w - a potion of berserk rage {unknown}


   Skills:
 + Level 7.7 Fighting
 * Level 10.3 Axes
 - Level 2.4 Armour
 - Level 2.1 Dodging


You had 7 spell levels left.
You didn't know any spells.
Your spell library was empty.

Dungeon Overview and Level Annotations

Branches:
Dungeon (4/15)            Ossuary (visited)
 Temple: D:4-7

Altars:
Ashenzari
Elyvilon
Vehumet

Shops:
D:1 **


Innate Abilities, Weirdness & Mutations

You have a pair of horns on your head.
You reflexively headbutt those who attack you in melee.
You have large cloven feet.
Your flesh is cold resistant. (rC+)
You occasionally shout uncontrollably at your foes.


Message History

The killer bee is heavily wounded.
You feel sick. The killer bee closely misses you. You furiously retaliate!
You headbutt the killer bee!!
You kill the killer bee!
Trog accepts your kill.
You are no longer berserk.
You are exhausted.
You feel yourself slow down.
You feel sick. The killer bee barely misses you. The killer bee stings you.
You are more poisoned.
The killer bee poisons you!
Things that are here:
a +0 club; a killer bee corpse; a goblin corpse You miss the killer bee.
You feel very sick. The killer bee stings you.
You are more poisoned.
The killer bee poisons you! The killer bee stings you.
You are lethally poisoned!
The killer bee poisons you!
You closely miss the killer bee.
You feel extremely sick.
The killer bee stings you but does no damage.
The killer bee misses you. The killer bee stings you.
* * * LOW HITPOINT WARNING * * *
You hit the killer bee but do no damage.
* * * LOW HITPOINT WARNING * * *
You feel extremely sick. The killer bee stings you.
* * * LOW HITPOINT WARNING * * *
The killer bee stings you but does no damage.
It was a potion of mutation.
You feel extremely strange.
Your feet thicken and deform.
You feel the urge to shout.
You feel resistant to cold.
* * * LOW HITPOINT WARNING * * *
You feel very sick. The killer bee barely misses you.
The killer bee closely misses you. You furiously retaliate!
You headbutt the killer bee. The killer bee stings you.
You die...

#.#.# #.# #.#.#
#######.# ###'#.##
#......(# #......#
#.####### #......#
#.# #......# #.#
#......# #.#
#....>.#####.###
+......yy@.)...#
#......#####.#.#
#......# #.#.#
#......#####.#.#
##...).....#.#.#
#.........#.#.####
#.........#......#
#.........#......#
#.........#......#


You could see 2 killer bees.

Vanquished Creatures
  Sigmund (D:3)
  5 elf zombies (Ossuary)
  A scorpion (D:4)
  3 killer bees (D:4)
  2 centaur zombies (Ossuary)
  3 human zombies (Ossuary)
  Terence (D:3)
  Natasha (thrice) (D:3)
  An orc wizard (D:3)
  A hound zombie (Ossuary)
  3 mummies (Ossuary)
  4 gnolls (D:4)
  6 adders
  An ufetubus (D:4)
  3 adder zombies (Ossuary)
  An adder skeleton (D:4)
  3 worms (D:2)
  2 dart slugs
  5 orcs
  9 bats
  7 endoplasms
  3 giant cockroaches
  5 goblins
  4 hobgoblins
  3 jackals (D:1)
  A quokka (D:1)
  6 ball pythons
  2 frilled lizards (D:2)
  5 goblin zombies (Ossuary)
  3 hobgoblin zombies (Ossuary)
  2 jackal zombies (Ossuary)
  6 kobolds
  A kobold zombie (Ossuary)
  4 orc zombies (Ossuary)
  2 quokka zombies (Ossuary)
  13 rats
  5 rat zombies (Ossuary)
130 creatures vanquished.

Vanquished Creatures (others)
  3 plants (D:4)
3 creatures vanquished.

Grand Total: 133 creatures vanquished

Notes
Turn   | Place    | Note
-------+----------+-------------------------------------------
     0 | D:1      | ABBCCCDDDD the Minotaur Berserker began the quest for the
                  | Orb.
     0 | D:1      | Reached XP level 1. HP: 19/19 MP: 0/0
   150 | D:1      | Reached skill level 4 in Axes
   150 | D:1      | Reached XP level 2. HP: 27/27 MP: 1/1
   214 | D:1      | Found Lautylopp's Assorted Antiques.
   269 | D:1      | Found Picw's Assorted Antiques.
   460 | D:1      | Reached XP level 3. HP: 30/33 MP: 2/2
   606 | D:1      | Found a faded altar of an unknown god.
   664 | D:2      | Reached ** piety under Trog
   694 | D:2      | Reached skill level 5 in Axes
   973 | D:2      | Reached XP level 4. HP: 41/41 MP: 3/3
   979 | D:2      | Found a broken altar of Ashenzari.
  1442 | D:3      | Noticed Natasha
  1454 | D:3      | Killed Natasha
  1455 | D:3      | Reached skill level 6 in Axes
  1455 | D:3      | Reached XP level 5. HP: 29/47 MP: 4/4
  1704 | D:3      | Found a radiant altar of Vehumet.
  1710 | D:3      | Noticed Natasha
  1714 | D:3      | Noticed Terence
  1725 | D:3      | Killed Natasha
  1726 | D:3      | Reached skill level 5 in Fighting
  1728 | D:3      | Killed Terence
  1744 | D:3      | Noticed Sigmund
  1787 | D:3      | Noticed Natasha
  1796 | D:3      | Killed Sigmund
  1797 | D:3      | Reached skill level 7 in Axes
  1797 | D:3      | Reached XP level 6. HP: 57/57 MP: 5/5
  1803 | D:3      | Killed Natasha
  1902 | D:3      | Found a white marble altar of Elyvilon.
  2587 | D:4      | Reached skill level 8 in Axes
  2616 | D:4      | Reached XP level 7. HP: 58/63 MP: 6/6
  2676 | D:4      | Reached *** piety under Trog
  2866 | D:4      | Found a sand-covered staircase.
  2872 | Ossuary  | Entered an ossuary
  3087 | Ossuary  | Reached skill level 9 in Axes
  3658 | Ossuary  | Reached XP level 8. HP: 73/73 MP: 7/7
  3716 | Ossuary  | Reached **** piety under Trog
  3802 | Ossuary  | Reached skill level 10 in Axes
  4176 | D:4      | Gained mutation: You have large cloven feet. [potion of
                  | mutation]
  4176 | D:4      | Gained mutation: You occasionally shout uncontrollably at
                  | your foes. [potion of mutation]
  4176 | D:4      | Gained mutation: Your flesh is cold resistant. (rC+)
                  | [potion of mutation]
  4176 | D:4      | HP: 2/74 [poisoned by a killer bee]
  4176 | D:4      | Slain by a killer bee

Illustrated notes

Levels and vault maps discovered:
D:1:      scummos_arrival_forest, layout_rooms, serial_shops, shop, shop,
          dreamdust_ecumenical_altar_hidden_monk_grotto,
          amcnicky_mini_pool_small, grunt_decor_arrowhead
D:2:      layout_rooms, basic_altar
D:3:      layout_basic, nicolae_vehumet_radiance,
          mainiacjoe_overflow_surrounded_room, uniq_terence, uniq_natasha,
          uniq_sigmund
D:4:      layout_basic, kennysheep_mini_moat, mainiacjoe_overflow_alcove_4,
          enter_ossuary_1, hex_intersection, corexii_shack, minmay_puff

Skill      XL: |  1  2  3  4  5  6  7  8 |
---------------+-------------------------+-----
Axes           | 4 5 6 7 8 9 10 | 10.3
Fighting       | 4 5 6 7 |  7.7
Armour         | |  2.4
Dodging        | |  2.1

Action                   |  1- 3 |  4- 6 |  7- 9 || total
-------------------------+-------+-------+-------++-------
Melee: Hand axe          |    61 |   109 |   194 ||   364
       Headbutt          |    11 |    11 |    39 ||    61
Invok: Berserk           |     2 |     3 |     3 ||     8
       Trog's Hand       |       |     1 |       ||     1
  Use: Scroll            |       |       |     1 ||     1
       Potion            |       |       |     1 ||     1
Armor: Animal skin       |    23 |       |       ||    23
       Scale mail        |       |    34 |    59 ||    93
Dodge: Dodged            |    45 |    41 |    80 ||   166
